Map: Efflorescence LE

Players

Aze

  • Race: Terran Terran
  • Spawn Location: 12:00

GLEEN

  • Race: Zerg Zerg
  • Spawn Location: 3:00

qqq - Winner!

  • Race: Zerg Zerg
  • League: Platinum
  • Spawn Location: 6:00

Massa - Winner!

  • Race: Terran Terran
  • League: Platinum
  • Spawn Location: 9:00

VOD

Have the link to the VOD?

Description

Time

  • Played on: Nov. 19, 2020, 2:46 p.m.
  • Length: 6:41
Show
View Real Time Build Order
Export as new Build Order

Aze Terran 

Build Orders:  

Get SALT Encoding   

  12  0:00  SCV  
  13  0:12  SCV  
  14  0:18  Supply Depot  
  14  0:26  Refinery  
  14  0:29  SCV  
  15  0:41  Barracks  
  15  0:46  SCV  
  16  0:53  Refinery  
  16  0:58  SCV  
  17  1:07  Supply Depot  
  17  1:13  SCV  
  18  1:37  Factory  
  18  1:42  Barracks Reactor  
  18  1:43  Orbital Command  
  18  2:09  SCV  
  19  2:21  SCV  
  20  2:28  Barracks Tech Lab  
  20  2:29  Hellion x2  
  24  2:33  SCV  
  25  2:49  Command Center  
  25  2:50  Hellion x2  
  29  2:56  SCV  
  30  3:00  Supply Depot  
  30  3:03  Stimpack  
  30  3:19  Factory Tech Lab  
  30  3:20  Barracks  
  30  3:24  SCV  
  27  3:44  SCV  
  28  3:53  Siege Tank  
  27  3:59  Marauder  
  29  4:06  Bunker  
  29  4:09  Marine x2  
  31  4:19  Starport  
  31  4:26  Siege Tank  
  34  4:43  Marine x2  
  34  4:44  Marine  
  30  5:02  Marine  
  31  5:08  Siege Tank  
  31  5:09  Marine  
  31  5:10  Marine  
  36  5:28  Marauder  
  38  5:30  SCV  
  38  5:35  Refinery, Orbital Command  
  39  5:42  SCV  
  40  5:46  Marine  
  40  5:47  Marine  
  40  5:49  Marine, Siege Tank  
  46  5:54  SCV  
  47  6:04  Supply Depot  
  47  6:06  SCV  
  47  6:07  SCV  
  47  6:08  Marine  
  47  6:09  Marine x2  
  52  6:18  SCV  
Show
View Real Time Build Order
Export as new Build Order

GLEEN Zerg 

Build Orders: Hatch First 

Get SALT Encoding   

  12  0:00  Drone  
  13  0:08  Drone  
  14  0:17  Overlord  
  14  0:35  Drone x3  
  17  0:55  Drone  
  18  0:57  Hatchery  
  18  1:00  Extractor  
  16  1:05  Drone  
  17  1:18  Spawning Pool  
  16  1:21  Drone  
  17  1:30  Drone x2  
  19  1:40  Overlord  
  19  2:07  Zergling x4  
  19  2:08  Queen  
  21  2:11  Metabolic Boost  
  21  2:14  Queen  
  25  2:23  Zergling x2  
  25  2:24  Zergling x2  
  27  2:31  Zergling x4  
  27  2:33  Zergling x2  
  30  2:37  Drone  
  30  2:42  Drone  
  32  2:46  Zergling x2  
  33  3:06  Drone x3  
  33  3:08  Overlord  
  33  3:11  Roach Warren  
  35  3:13  Drone  
  36  3:22  Overlord  
  35  3:43  Zergling x4  
  35  3:44  Overlord  
  37  3:51  Roach  
  37  3:52  Roach x5  
  49  4:03  Roach  
  49  4:04  Roach  
  46  4:23  Roach  
  43  4:24  Roach x2  
  43  4:31  Roach  
  35  4:41  Roach  
  29  4:56  Roach  
  24  5:11  Drone, Roach  
  24  5:12  Drone x4  
  28  5:22  Drone  
  29  5:32  Drone  
  30  5:46  Drone x3  
  30  5:49  Drone  
  34  5:58  Drone x2  
  36  6:26  Drone x5  
Show
View Real Time Build Order
Export as new Build Order

qqq Zerg - Winner!

Build Orders: Hatch First 

Get SALT Encoding   

  12  0:00  Drone  
  13  0:09  Drone  
  14  0:29  Overlord  
  14  0:45  Hatchery  
  13  0:51  Drone  
  13  0:55  Drone  
  15  0:58  Drone  
  15  1:03  Drone  
  17  1:20  Spawning Pool  
  16  1:28  Drone x2, Extractor  
  17  1:43  Drone  
  18  1:48  Drone  
  19  1:55  Extractor  
  19  1:58  Drone  
  19  1:59  Drone  
  20  2:06  Overlord  
  20  2:08  Queen  
  20  2:14  Queen  
  24  2:20  Drone x2  
  27  2:24  Zergling x2  
  28  2:31  Metabolic Boost  
  28  2:33  Zergling x2  
  30  2:37  Zergling x2  
  30  2:41  Overlord  
  30  2:49  Zergling x2  
  30  2:51  Drone  
  32  2:57  Baneling Nest  
  32  2:58  Zergling x2  
  32  3:08  Zergling x2  
  32  3:09  Zergling x2  
  32  3:12  Zergling x2  
  34  3:22  Zergling x2  
  34  3:23  Zergling x4  
  37  3:38  Zergling x4  
  39  3:43  Baneling x4  
  39  3:44  Drone, Zergling x2  
  39  3:45  Zergling x2  
  42  3:59  Zergling x2  
  42  4:00  Zergling x2  
  42  4:02  Baneling x3  
  43  4:17  Zergling x2  
  43  4:20  Overlord  
  43  4:21  Overlord x2  
  38  4:43  Zergling x8  
  34  4:58  Zergling x8  
  34  4:59  Zergling x6  
  39  5:03  Lair  
  39  5:04  Hatchery  
  39  5:05  Zergling x2  
  38  5:21  Zergling x4  
  40  5:26  Drone x3  
  43  5:32  Drone x4  
  47  5:36  Drone  
  48  5:44  Extractor, Drone  
  48  5:48  Zergling x2  
  49  5:51  Zergling x2  
  49  5:55  Zergling x4  
  52  5:57  Zergling x2  
  52  5:58  Zergling x2  
  54  6:10  Hatchery  
  53  6:14  Drone x2  
  53  6:15  Zergling x2, Spire  
  55  6:19  Drone  
Show
View Real Time Build Order
Export as new Build Order

Massa Terran - Winner!

Build Orders: 2 Factory, Hellion Opening 

Get SALT Encoding   

  12  0:00  SCV  
  13  0:12  SCV  
  14  0:18  Supply Depot  
  14  0:24  SCV  
  15  0:30  Refinery  
  15  0:41  Barracks  
  15  0:46  SCV  
  16  0:55  Supply Depot  
  16  0:58  SCV  
  17  1:07  Refinery  
  17  1:11  SCV  
  18  1:33  Orbital Command  
  18  1:36  Barracks Reactor  
  18  1:52  Factory  
  18  1:59  SCV  
  19  2:09  Factory  
  19  2:13  Marine x2  
  21  2:16  SCV  
  22  2:29  SCV  
  23  2:44  Barracks Tech Lab  
  23  2:53  Hellion x2, Supply Depot  
  23  2:54  Hellion  
  29  3:07  Supply Depot  
  29  3:14  Hellion x2  
  29  3:15  Hellion  
  29  3:19  Supply Depot  
  35  3:36  Hellion x2  
  35  3:37  Hellion  
  37  3:58  Hellion x2  
  37  3:59  Hellion  
  43  4:21  Marauder  
  38  4:42  Marauder  
  37  5:04  Marauder  
  27  5:23  Widow Mine x2  
  27  5:24  Widow Mine  
  27  5:25  Marauder  
  27  5:27  SCV  
  36  5:36  Starport  
  36  5:39  SCV, Command Center  
  35  5:44  Widow Mine  
  35  5:45  Widow Mine  
  39  5:51  SCV  
  39  5:52  Hellion  
  42  6:03  SCV  
  42  6:04  Marauder  
  45  6:07  Hellion x2  
  49  6:24  Barracks  
  53  6:27  SCV  
Tags
 
Add a new tag
Caveats
  • Supply blocks, unpowered buildings, or Contaminate may cause inaccurate times.
  • Supply counts are checked every 10 seconds.